 Dungeon Crawl Stone Soup version 0.25-a0-667-gb977e01cb5 (webtiles) character file.

Game seed: 5155017725481443374, levelgen mode: deterministic

229418 Hartz the Earth Mage (level 19, -5/119 HPs)
             Began as a Gargoyle Earth Elementalist on Mar 27, 2020.
             Was the Champion of Vehumet.
             Shot with an arrow by a deep elf master archer (30 damage)
             ... on level 3 of the Elven Halls.
             The game lasted 02:26:36 (38117 turns).

Hartz the Earth Mage (Gargoyle Earth Elementalist) Turns: 38117, Time: 02:26:37

Health: -5/119     AC: 26    Str: 14    XL:     19   Next: 44%
Magic:  13/35      EV: 18    Int: 26    God:    Vehumet [******]
Gold:   1998       SH:  0    Dex: 12    Spells: 11/42 levels left

rFire    + + .     SeeInvis +   z - +8 morningstar of Zizonkagg {vorpal, MR+}
rCold    + . .     Gourm    .   (no shield)
rNeg     + . .     Faith    .   i - +2 robe of Vines {NoPotionHeal Regen+7}
rPois    ∞         Spirit   .   g - +2 helmet
rElec    +         Reflect  .   T - +2 cloak
rCorr    +         Harm     .   Y - +2 pair of gloves
MR       ++...                  R - +0 pair of boots of Grace {rCorr Stlth+}
Stlth    +++.......             Z - amulet "Weacaim" {rPois Regen+ Int+4 SInv}
HPRegen  3.49/turn              w - ring of wizardry
MPRegen  0.24/turn              J - ring of protection from fire

@: mighty, brilliant, resistant, corroded, flying, hasted, very quick
A: big wings, claws 1, thin skeletal structure 1, negative energy resistance 1,
electricity resistance, wild magic 1, unbreathing, petrification resistance, rot
immunity, AC +14
}: 1/15 runes: barnacled
a: Stop Flying, Renounce Religion


You were on level 3 of the Elven Halls.
You worshipped Vehumet.
Vehumet was exalted by your worship.
You were full.

You visited 7 branches of the dungeon, and saw 35 of its levels.
You also visited: Ice Cave.

You collected 6049 gold pieces.
You spent 4051 gold pieces at shops.

Inventory:

Hand Weapons
 u - a +4 morningstar of holy wrath
 z - the +8 morningstar of Zizonkagg (weapon) {vorpal, MR+}
   (You bought it in a shop on level 2 of the Orcish Mines)

   It inflicts extra damage upon your enemies.
   It affects your resistance to hostile enchantments.
Missiles
 b - 671 stones (quivered)
 B - 2 throwing nets
Armour
 g - a +2 helmet (worn)
 i - the +2 robe of Vines (worn) {NoPotionHeal Regen+7}
   (You bought it in a shop on level 13 of the Dungeon)

   It increases your rate of regeneration.
 v - a +2 robe of fire resistance
 R - the +0 pair of boots of Grace (worn) {rCorr Stlth+}
   (You bought it in a shop on level 13 of the Dungeon)

   It provides partial protection from all sources of acid and corrosion.
   It makes you more stealthy.
 T - a +2 cloak (worn)
 Y - a +2 pair of gloves (worn)
Jewellery
 w - a ring of wizardry (left hand)
 J - a ring of protection from fire (right hand)
 K - the ring "Haroherr" {+Inv rPois}
   (You found it on level 3 of the Elven Halls)

   [ring of poison resistance]

   It protects you from poison.
   It lets you turn invisible.
 Z - the amulet "Weacaim" (around neck) {rPois Regen+ Int+4 SInv}
   (You found it on level 2 of the Shoals)

   [amulet of regeneration]

   It affects your intelligence (+4).
   It protects you from poison.
   It lets you see invisible.
   It increases your rate of regeneration.
Wands
 j - a wand of iceblast (18)
 n - a wand of flame (51)
 r - a wand of polymorph (12)
 y - a wand of digging (14)
 D - a wand of paralysis (6)
 M - a wand of acid (1)
Scrolls
 e - 14 scrolls of teleportation
 h - a scroll of holy word
 q - 2 scrolls of fog
 s - 4 scrolls of magic mapping
 t - a scroll of summoning
 x - 8 scrolls of amnesia
 G - 4 scrolls of fear
 H - 9 scrolls of remove curse
 L - 19 scrolls of identify
 Q - 2 scrolls of blinking
Potions
 c - 2 potions of resistance
 f - 8 potions of curing
 l - 4 potions of magic
 A - 4 potions of berserk rage
 C - 4 potions of cancellation
 I - 2 potions of stabbing
 N - 2 potions of brilliance
 O - 5 potions of heal wounds
 P - 3 potions of mutation
 U - 2 potions of ambrosia
Miscellaneous
 a - a fan of gales
 o - a lightning rod (4/4)
 p - a phial of floods
 S - 2 boxes of beasts
Comestibles
 d - 50 rations


   Skills:
 + Level 13.3 Fighting
 + Level 12.3 Maces & Flails
 - Level 6.0 Armour
 + Level 10.8 Dodging
 - Level 2.1 Stealth
 + Level 12.2 Spellcasting
 + Level 13.9 Conjurations
   Level 0.7 Transmutations
 * Level 13.8 Fire Magic
 + Level 15.4 Earth Magic
 - Level 6.0 Evocations


You had 11 spell levels left.
You knew the following spells:

 Your Spells              Type           Power        Failure   Level  Hunger
a - Sandblast             Erth           ######       1%          1    None
b - Stone Arrow           Conj/Erth      ######       1%          3    None
c - Lee's Rapid Deconstr  Erth           ########..   1%          5    None
d - Iron Shot             Conj/Erth      ########..   1%          6    None
e - Bolt of Magma         Conj/Fire/Erth ########..   1%          5    None
f - Fireball              Conj/Fire      ########..   1%          5    None
g - Starburst             Conj/Fire      ########..   1%          6    None

Your spell library contained the following spells:

 Spells                   Type           Power        Failure   Level  Hunger
 Lehudib's Crystal Spear  Conj/Erth      ########..   9%          8    None
 Fire Storm               Conj/Fire      ########..   73%         9    None
 Glaciate                 Conj/Ice       #######...   100%        9    None
 Beastly Appendage        Tmut           #####.       1%          1    None
 Passwall                 Tmut/Erth      #######.     1%          2    None
 Dazzling Flash           Conj/Hex       ######       1%          3    None
 Leda's Liquefaction      Hex/Erth       #######...   1%          4    None
 Petrify                  Tmut/Erth      #######.     1%          4    None
 Iskenderun's Battlesphe  Conj/Chrm      #######.     1%          5    None
 Orb of Destruction       Conj           ########..   1%          7    None
 Animate Skeleton         Necr           N/A          2%          1    None
 Apportation              Tloc           ####..       2%          1    None
 Corona                   Hex            ####...      2%          1    None
 Pain                     Necr           ####         2%          1    None
 Summon Small Mammal      Summ           ####         2%          1    None
 Sticks to Snakes         Tmut           #####...     2%          2    None
 Ensorcelled Hibernation  Hex/Ice        ####..       3%          2    None
 Confusing Touch          Hex            ####....     6%          3    None
 Portal Projectile        Hex/Tloc       ####..       6%          3    None
 Spider Form              Tmut/Pois      ####......   6%          3    None
 Tukima's Dance           Hex            ####....     6%          3    None
 Vampiric Draining        Necr           ####......   6%          3    None
 Ice Form                 Ice/Tmut       ####....     16%         4    None
 Animate Dead             Necr           N/A          21%         4    None
 Spellforged Servitor     Conj/Summ      #######...   22%         7    None
 Blade Hands              Tmut           #####.....   34%         5    None
 Agony                    Necr           ####....     45%         5    None
 Shatter                  Erth           ########..   54%         9    None
 Malign Gateway           Summ/Tloc      ####......   100%        7    None
 Statue Form              Tmut/Erth      Unusable     N/A         6    N/A

Dungeon Overview and Level Annotations

Branches:
Dungeon (15/15)            Temple (1/1) D:5            Lair (6/6) D:8
 Shoals (4/4) Lair:3        Snake (4/4) Lair:3        Slime (0/5) Lair:6
    Orc (2/2) D:12            Elf (3/3) Orc:2        Vaults (0/5) D:14
 Depths (0/5) D:15          IceCv (visited)

Altars:
Cheibriados
Elyvilon
Fedhas
Gozag
Hepliaklqana
Kikubaaqudgha
Nemelex Xobeh
Qazlal
Ru
Sif Muna
Trog
Uskayaw
Vehumet
Wu Jian
Xom
Yredelemnul
Zin
The Shining One
Beogh
Jiyva

Shops:
D:4 [   D:10 (   D:13 }[[!?   Orc:2 }!:(   Snake:2 [}?*   Snake:3 *!(

Annotations:
Shoals:4 1 runed translucent door, karf's ghost, adept FoFi
Snake:1 1 transporter
Snake:3 2 runed translucent doors, CryoSword's ghost, adept OgCK
Elf:2 3 runed translucent doors


Innate Abilities, Weirdness & Mutations

You are resistant to torment.
Your stone body is resilient. (AC +14)
You are immune to poison.
Your large and strong wings let you fly indefinitely.
You resist negative energy. (rN+)
You are resistant to electric shocks. (rElec)
You can survive without breathing.
You are immune to petrification.
You are immune to rotting.
You have sharp fingernails.
You have a somewhat thin skeletal structure. (Dex +2, Stealth)
Your spells are a little harder to cast, but a little more powerful.


Message History

The deep elf elementalist is heavily wounded.
The fireball engulfs the deep elf master archer!!!
Flame seeps out of the deep elf master archer.
The deep elf master archer is heavily wounded.
The fireball engulfs the deep elf death mage!!!
Flame seeps out of the deep elf death mage.
The deep elf death mage is heavily wounded.
The fireball engulfs the deep elf annihilator!!
The deep elf annihilator explodes!
Vehumet accepts your kill.
You feel your power returning.
The deep elf master archer is engulfed in blazing flames.
Flame seeps out of the deep elf master archer.
The deep elf master archer shoots an arrow.
The arrow hits you but does no damage.
The deep elf death mage is engulfed in blazing flames.
Flame seeps out of the deep elf death mage.
The deep elf master archer shoots an arrow.
The arrow hits you!!
You die...

#.# *,,,,......%........,,,,*
#.##*,,,,,......e..%...,,,,,*
#..#*,,,,,,#..ee○e...#,,,,,,*
...#*,,,,.##..)§e§§..##.,,,,*
##.#*,,,,#....)§○§......,,,,*
#.#*,,***#...)§§°..%.#,**,,*
#.#*,***,°,,,*#(#*,,,,,**,,*
#.#*,,,,,,,***#○#***,,,,,*,*
#.#*,,,,,*** #@# ***,,,,,*
#.#*,,,*** #(# ***,,,*
##.#*,*** #.# ***,* ...#***
#.# *** ##### ### #.## #.#
#.# #..# #.# #####'####'##
#.# #...........## #.#
#............#


You could see 2 deep elf master archers, a deep elf death mage (inner flame) and
2 deep elf elementalists.

Vanquished Creatures
  Jorgrun (D:13)
  2 deep elf blademasters (Elf:3)
  A sphinx (D:12)
  A kraken (Shoals:1)
  Gastronok (Lair:1)
  Ilsuiw (Shoals:3)
  Roxanne (D:15)
  2 deep elf sorcerers (Elf:3)
  Louise (Snake:2)
  2 deep elf elementalists (Elf:3)
  The ghost of Beaer the Impaler, a journeyman MfSk of Okawaru (Snake:1)
  5 deep elf demonologists
  A dire elephant (D:14)
  3 deep elf annihilators (Elf:3)
  A deep elf death mage (Elf:3)
  5 merfolk javelineers
  2 fire dragons
  3 merfolk impalers
  2 deep elf high priests (Elf:3)
  7 hydras
  2 naga warriors (Snake:3)
  3 ice dragons
  2 alligator snapping turtles (Shoals:4)
  4 catoblepae
  3 merfolk aquamancers
  3 anacondas
  6 merfolk avatars
  15 dancing weapons
  4 centaur warriors
  5 ogre magi
  A tengu warrior (D:14)
  9 two-headed ogres
  5 shock serpents
  3 naga sharpshooters
  10 death yaks (Lair:6)
  3 satyrs
  11 deep elf knights
  A flayed ghost (D:15)
  An unseen horror (D:11)
  2 naga ritualists (Snake:2)
  14 sea snakes
  15 deep elf archers
  A kraken simulacrum (Shoals:4)
  13 harpies
  5 orc knights
  8 orc sorcerers
  52 deep elf magi
  11 fauns
  3 mana vipers
  5 cyclopes
  17 manticores
  3 salamanders (Snake:2)
  6 water nymphs
  9 merfolk sirens
  16 black mambas
  Joseph (Lair:1)
  Maurice (D:13)
  2 guardian serpents
  15 naga magi
  2 ice statues (IceCv)
  9 spiny frogs
  A rime drake (shapeshifter) (Elf:2)
  8 centaur skeletons
  An efreet (D:13)
  7 rime drakes
  7 komodo dragons
  4 tengu conjurers
  6 polar bears
  19 merfolk
  A queen bee (Lair:3)
  A wolf spider simulacrum (D:15)
  9 trolls
  7 wind drakes
  A hornet (D:7)
  11 hippogriffs
  7 snapping turtles
  14 blink frogs
  17 dream sheep
  3 air elementals
  2 centaur simulacra (D:15)
  2 shadows
  3 wyverns
  9 fire elementals
  19 water elementals
  2 hungry ghosts
  A vampire (D:15)
  11 humans
  3 vampire mosquitoes (D:15)
  56 yaks
  6 basilisks
  A steam dragon (Lair:3)
  3 wargs
  19 nagas
  A soldier ant (D:10)
  10 water moccasins
  8 porcupines
  3 sky beasts
  23 ice beasts
  2 black bears
  26 orc warriors
  A phantom (D:13)
  11 wolves
  22 ogres
  5 centaurs
  11 crocodiles
  2 big kobolds
  5 earth elementals
  14 bullfrogs
  A water moccasin zombie (D:5)
  A hornet simulacrum (D:15)
  4 scorpions
  34 killer bees
  5 wights (D:7)
  5 electric eels
  3 howler monkeys
  9 crimson imps
  A bullfrog zombie (D:7)
  2 centaur zombies
  5 hounds
  A bullfrog skeleton (D:6)
  18 orc priests
  A jelly (D:10)
  5 iguanas
  45 orc wizards
  8 worker ants
  A hound skeleton (D:5)
  Robin (D:2)
  A worker ant zombie (D:6)
  7 gnolls
  A howler monkey zombie (D:11)
  9 adders
  A howler monkey skeleton (D:6)
  A shadow imp (D:6)
  4 white imps (D:15)
  An ooze (D:3)
  3 adder skeletons
  2 adder zombies
  A worm (D:2)
  2 dart slugs
  3 leopard geckos
  81 orcs
  A giant cockroach (D:1)
  15 goblins
  7 hobgoblins
  2 jackals (D:2)
  6 quokkas
  3 ball pythons
  6 bats
  4 frilled lizards
  18 kobolds
  A leopard gecko skeleton (D:5)
  8 rats
  4 fungi
  11 plants
  4 tentacles
1106 creatures vanquished.

Vanquished Creatures (collateral kills)
  Rupert (Lair:5)
  A vampire (D:15)
2 creatures vanquished.

Vanquished Creatures (others)
  Nikola (Snake:1)
  Nessos (D:15)
  A deep elf mage (Elf:1)
  A wyvern (D:15)
  A naga (Snake:2)
  An electric eel (D:15)
  A white imp (D:15)
  An orc (D:15)
  A jackal zombie (D:8)
  8 fungi
  11 plants
  6 tentacles
  2 withered plants (Shoals:4)
36 creatures vanquished.

Grand Total: 1144 creatures vanquished

Notes
Turn   | Place    | Note
-------+----------+-------------------------------------------
     0 | D:1      | Hartz the Gargoyle Earth Elementalist began the quest for
                  | the Orb.
     0 | D:1      | Reached XP level 1. HP: 10/10 MP: 3/3
   173 | D:1      | Reached XP level 2. HP: 15/15 MP: 5/5
   184 | D:1      | Reached skill level 4 in Earth Magic
  1011 | D:2      | Reached XP level 3. HP: 7/19 MP: 3/6
  1235 | D:2      | Learned a level 3 spell: Stone Arrow
  1275 | D:2      | Noticed Robin
  1302 | D:2      | Killed Robin
  1641 | D:2      | Reached skill level 1 in Conjurations
  1641 | D:2      | Reached XP level 4. HP: 24/24 MP: 6/8
  1955 | D:2      | Noticed Terence
  1959 | D:2      | Noticed Terence
  1959 | D:2      | Terence changed into Terence the iguana
  1963 | D:2      | Killed Terence the iguana
  1963 | D:2      | Reached skill level 5 in Earth Magic
  2459 | D:3      | Reached XP level 5. HP: 28/28 MP: 9/9
  2466 | D:3      | Learned a level 5 spell: Lee's Rapid Deconstruction
  2525 | D:3      | Found an ornate altar of the Wu Jian Council.
  2764 | D:3      | Found a faded altar of an unknown god.
  3002 | D:3      | You fall into a shaft and drop 1 floor!
  3002 | D:4      | Noticed an ogre
  3009 | D:4      | Killed an ogre
  3009 | D:4      | Reached XP level 6. HP: 31/32 MP: 1/11
  3043 | D:4      | Found Ukua's Armour Emporium.
  3071 | D:4      | Found a radiant altar of Vehumet.
  3385 | D:4      | Reached skill level 6 in Earth Magic
  3622 | D:4      | Found a shimmering altar of Xom.
  3624 | D:4      | Found a shimmering altar of Xom.
  3624 | D:4      | Found a shimmering altar of Xom.
  3624 | D:4      | Found a shimmering altar of Xom.
  3624 | D:4      | Found a shimmering altar of Xom.
  3651 | D:4      | Found a shimmering altar of Xom.
  3651 | D:4      | Found a shimmering altar of Xom.
  3762 | D:4      | Reached XP level 7. HP: 32/36 MP: 9/13
  4283 | D:5      | Entered Level 5 of the Dungeon
  4347 | D:5      | Found an opulent altar of Gozag.
  4595 | D:5      | Reached skill level 1 in Armour
  4696 | D:5      | Reached skill level 1 in Fighting
  4744 | D:5      | Found a staircase to the Ecumenical Temple.
  4748 | Temple   | Entered the Ecumenical Temple
  4767 | Temple   | Became a worshipper of Vehumet
  4792 | D:5      | Reached skill level 1 in Maces & Flails
  4792 | D:5      | Reached skill level 1 in Evocations
  4935 | D:5      | Found a stormy altar of Qazlal.
  4947 | D:5      | Found a sparkling altar of Nemelex Xobeh.
  5127 | D:6      | Reached XP level 8. HP: 32/43 MP: 10/15
  5557 | D:6      | Reached skill level 7 in Earth Magic
  5653 | D:6      | Reached skill level 5 in Spellcasting
  5979 | D:7      | Reached skill level 5 in Conjurations
  6232 | D:7      | Reached XP level 9. HP: 49/49 MP: 10/16
  6253 | D:7      | Reached * piety under Vehumet
  6253 | D:7      | Offered knowledge of Freeze by Vehumet.
  6905 | D:7      | Noticed a hornet
  6911 | D:7      | Killed a hornet
  7174 | D:8      | Found an opulent altar of Gozag.
  7198 | D:8      | Reached ** piety under Vehumet
  7198 | D:8      | Reached skill level 8 in Earth Magic
  7252 | D:8      | Found a staircase to the Lair.
  7311 | D:8      | Offered knowledge of Magic Dart by Vehumet.
  7368 | D:8      | Found a white marble altar of Elyvilon.
  7420 | D:8      | Reached XP level 10. HP: 51/57 MP: 18/18
  7841 | D:9      | Noticed a two-headed ogre
  7852 | D:9      | Killed a two-headed ogre
  7852 | D:9      | Reached skill level 5 in Armour
  7891 | D:9      | Identified the Disquisition on the Voyage
  7899 | D:9      | Noticed a two-headed ogre
  7909 | D:9      | Killed a two-headed ogre
  7909 | D:9      | Reached skill level 5 in Fighting
  8846 | D:10     | Entered Level 10 of the Dungeon
  9050 | D:10     | Offered knowledge of Searing Ray by Vehumet.
  9135 | D:10     | Noticed a two-headed ogre
  9143 | D:10     | Killed a two-headed ogre
  9143 | D:10     | Reached skill level 5 in Maces & Flails
  9143 | D:10     | Reached skill level 9 in Earth Magic
  9143 | D:10     | Reached XP level 11. HP: 51/64 MP: 7/21
  9259 | D:10     | Found Zoniy's Weapon Boutique.
  9294 | D:10     | Reached *** piety under Vehumet
  9305 | D:10     | Identified a scroll of acquirement
  9305 | D:10     | Identified the Guide on Quantum Conjuration (You acquired
                  | it on level 10 of the Dungeon)
  9631 | D:11     | Killed an unseen horror
 10026 | D:11     | Noticed an eight-headed hydra
 10030 | D:11     | Killed an eight-headed hydra
 10030 | D:11     | Reached skill level 5 in Evocations
 10226 | D:11     | Offered knowledge of Inner Flame by Vehumet.
 10227 | D:11     | Reached skill level 5 in Dodging
 10369 | D:12     | Noticed a two-headed ogre
 10394 | D:12     | Killed a two-headed ogre
 10533 | D:12     | Noticed a sphinx
 10543 | D:12     | Killed a sphinx
 10889 | D:12     | Found a staircase to the Orcish Mines.
 11228 | D:12     | Reached **** piety under Vehumet
 11283 | D:12     | Reached XP level 12. HP: 59/71 MP: 9/23
 11524 | D:12     | Offered knowledge of Iskenderun's Battlesphere by Vehumet.
 11562 | D:12     | Reached skill level 10 in Earth Magic
 11569 | D:12     | Gained mutation: Your magical capacity is low. (-10% MP)
                  | [potion of mutation]
 11569 | D:12     | Gained mutation: Your natural rate of healing is unusually
                  | fast. [potion of mutation]
 11937 | D:13     | Found Abannig's Magic Scroll Boutique.
 11949 | D:13     | Bought a scroll of blinking for 142 gold pieces
 11949 | D:13     | Bought a scroll of identify for 38 gold pieces
 11949 | D:13     | Bought a scroll of teleportation for 57 gold pieces
 11949 | D:13     | Bought a scroll of remove curse for 57 gold pieces
 11949 | D:13     | Bought a scroll of enchant armour for 142 gold pieces
 11949 | D:13     | Bought a scroll of identify for 38 gold pieces
 11949 | D:13     | Bought a scroll of enchant weapon for 142 gold pieces
 12014 | D:13     | Found Qitaep's Gadget Shop.
 12017 | D:13     | Bought a wand of acid (8) for 336 gold pieces
 12017 | D:13     | Bought a wand of iceblast (8) for 168 gold pieces
 12113 | D:13     | Found Xepsyg's Distillery.
 12123 | D:13     | Bought 2 potions of brilliance for 112 gold pieces
 12123 | D:13     | Bought a potion of brilliance for 56 gold pieces
 12123 | D:13     | Bought a potion of curing for 42 gold pieces
 12123 | D:13     | Bought a potion of flight for 42 gold pieces
 12123 | D:13     | Bought 2 potions of mutation for 224 gold pieces
 12123 | D:13     | Bought a potion of invisibility for 112 gold pieces
 12123 | D:13     | Bought a potion of heal wounds for 70 gold pieces
 12123 | D:13     | Bought a potion of berserk rage for 70 gold pieces
 12123 | D:13     | Lost mutation: Your magical capacity is low. (-10% MP)
                  | [potion of mutation]
 12123 | D:13     | Lost mutation: Your natural rate of healing is unusually
                  | fast. [potion of mutation]
 12123 | D:13     | Gained mutation: You have sharp fingernails. [potion of
                  | mutation]
 12123 | D:13     | Gained mutation: You have a somewhat thin skeletal
                  | structure. (Dex +2, Stealth) [potion of mutation]
 12123 | D:13     | Gained mutation: Your spells are a little harder to cast,
                  | but a little more powerful. [potion of mutation]
 12141 | D:13     | Noticed Jorgrun
 12156 | D:13     | Killed Jorgrun
 12221 | D:13     | Noticed a centaur warrior
 12231 | D:13     | Killed a centaur warrior
 12494 | D:13     | Found Tickimysm's Antique Armour Emporium.
 12547 | D:13     | Found Mehuthorr's Antique Armour Shoppe.
 12555 | D:13     | Bought a pair of slimy boots for 199 gold pieces
 12565 | D:13     | Identified the +0 pair of boots of Grace {rCorr Stlth+}
                  | (You bought it in a shop on level 13 of the Dungeon)
 12811 | D:13     | Noticed Maurice
 12813 | D:13     | Killed Maurice
 12998 | D:14     | Noticed a centaur warrior
 13009 | D:14     | Noticed a vault guard
 13011 | D:14     | Killed a centaur warrior
 13018 | D:14     | Noticed a catoblepas
 13182 | D:14     | Noticed a tengu warrior
 13207 | D:14     | Killed a tengu warrior
 13207 | D:14     | Reached XP level 13. HP: 30/78 MP: 15/25
 13509 | D:14     | Reached skill level 11 in Earth Magic
 13694 | D:14     | Identified the +7 broad axe "Nuuqouni" {vorpal, rN+}
 13709 | D:14     | Noticed an entropy weaver
 13709 | D:14     | a vault guard changed into an entropy weaver
 13710 | D:14     | Noticed an emperor scorpion
 13710 | D:14     | an entropy weaver changed into an emperor scorpion
 13873 | D:14     | Reached ***** piety under Vehumet
 14076 | D:14     | Offered knowledge of Fireball by Vehumet.
 14083 | D:14     | Learned a level 5 spell: Fireball
 14200 | D:14     | Noticed a dire elephant
 14200 | D:14     | an emperor scorpion changed into a dire elephant
 14216 | D:14     | Killed a dire elephant
 14216 | D:14     | Reached skill level 1 in Fire Magic
 14577 | D:14     | Found a gate to the Vaults.
 14632 | D:14     | Found Mefe's Sacrilege Store.
 14634 | D:14     | Found a basalt altar of Yredelemnul.
 14885 | Lair:1   | Entered Level 1 of the Lair of Beasts
 15022 | Lair:1   | You fall into a shaft and drop 1 floor!
 15467 | Lair:1   | Noticed Gastronok
 15715 | Lair:1   | Killed Gastronok
 15808 | Lair:1   | Noticed Joseph
 15812 | Lair:1   | Killed Joseph
 17086 | Lair:3   | Reached skill level 10 in Conjurations
 17236 | Lair:3   | Found a staircase to the Shoals.
 17387 | Lair:3   | Gained mutation: Your large and strong wings let you fly
                  | indefinitely. [Gargoyle growth]
 17387 | Lair:3   | Reached XP level 14. HP: 82/86 MP: 10/27
 17422 | Lair:3   | Offered knowledge of Olgreb's Toxic Radiance by Vehumet.
 17597 | Lair:3   | Learned a level 4 spell: Olgreb's Toxic Radiance
 17823 | Lair:3   | Found a staircase to the Snake Pit.
 17847 | Lair:3   | Reached skill level 5 in Fire Magic
 18228 | Lair:4   | Got an ichor-stained robe
 18239 | Lair:4   | Identified the +2 robe "Reofinos" {Dex+3} (You found it on
                  | level 4 of the Lair of Beasts)
 18663 | Lair:4   | Reached skill level 12 in Earth Magic
 18722 | Lair:4   | Learned a level 6 spell: Iron Shot
 18728 | Lair:4   | Learned a level 5 spell: Bolt of Magma
 19375 | Lair:5   | Noticed Rupert
 19387 | Lair:5   | Killed Rupert
 20029 | Lair:6   | Entered Level 6 of the Lair of Beasts
 20353 | Lair:6   | Found a viscous altar of Jiyva.
 20355 | Lair:6   | Found a staircase to the Slime Pits.
 20548 | Lair:6   | Reached skill level 10 in Fighting
 21185 | Lair:6   | Reached XP level 15. HP: 69/92 MP: 22/28
 21325 | Lair:6   | Offered knowledge of Starburst by Vehumet.
 21672 | Lair:6   | Learned a level 6 spell: Starburst
 22542 | Orc:1    | Entered Level 1 of the Orcish Mines
 22896 | Orc:2    | Entered Level 2 of the Orcish Mines
 22896 | Orc:2    | Found a staircase to the Elven Halls.
 23123 | Orc:2    | Reached skill level 10 in Spellcasting
 23475 | Orc:2    | Found Fiwehos's Distillery.
 23595 | Orc:2    | Found Luorunk's Gadget Emporium.
 23703 | Orc:2    | Found an ancient bone altar of Kikubaaqudgha.
 23748 | Orc:2    | Paralysed by an orc sorcerer for 6 turns
 23907 | Orc:2    | Found a radiant altar of Vehumet.
 24056 | Orc:2    | Found Uludghiett's Book Shoppe.
 24057 | Orc:2    | Found a roughly hewn altar of Beogh.
 24063 | Orc:2    | Found Coeqaen's Antique Weapon Emporium.
 24102 | Orc:2    | Bought a twisted morningstar for 279 gold pieces
 24102 | Orc:2    | Identified the +8 morningstar of Zizonkagg {vorpal, MR+}
                  | (You bought it in a shop on level 2 of the Orcish Mines)
 24496 | D:13     | Bought the +2 robe of Vines {NoPotionHeal Regen+7} for 1680
                  | gold pieces
 24496 | D:13     | Found the +2 robe of Vines {NoPotionHeal Regen+7}
 24532 | D:15     | Entered Level 15 of the Dungeon
 24664 | D:15     | Found a frozen archway.
 24689 | D:15     | Reached skill level 13 in Earth Magic
 24735 | IceCv    | Entered an ice cave
 24753 | IceCv    | Offered knowledge of Freezing Cloud by Vehumet.
 24893 | IceCv    | Reached ****** piety under Vehumet
 25453 | D:15     | Reached skill level 10 in Maces & Flails
 25703 | D:15     | Found a staircase to the Depths.
 25878 | D:15     | Reached XP level 16. HP: 99/99 MP: 30/30
 25966 | D:15     | Noticed Roxanne
 25975 | D:15     | Killed Roxanne
 25984 | D:15     | Noticed Nessos
 25999 | D:15     | Killed Nessos
 26330 | D:15     | Offered knowledge of Conjure Ball Lightning by Vehumet.
 26674 | Snake:1  | Entered Level 1 of the Snake Pit
 26687 | Snake:1  | Noticed a nagaraja
 26707 | Snake:1  | Found a transporter.
 27059 | Snake:1  | Found a transporter.
 27061 | Snake:1  | Noticed Nikola
 27073 | Snake:1  | Killed Nikola
 27073 | Snake:1  | Reached skill level 10 in Fire Magic
 27287 | Snake:1  | Found a runed translucent door.
 27294 | Snake:1  | Noticed Beaer's ghost (journeyman MfSk)
 27361 | Snake:1  | Killed Beaer's ghost
 27424 | Snake:1  | Got a faintly glowing brass amulet
 27425 | Snake:1  | Identified the amulet "Vobien" {Inacc Int+3} (You found it
                  | on level 1 of the Snake Pit)
 27726 | Snake:2  | Found Fuonal's Antique Armour Shoppe.
 27813 | Snake:2  | Found Zubloeq's Magic Scroll Shoppe.
 27814 | Snake:2  | Found Ottozes's Gadget Shoppe.
 27872 | Snake:2  | Found Wettef's General Store.
 27889 | Snake:2  | Bought a scroll of immolation for 45 gold pieces
 28352 | Snake:2  | Noticed Louise
 28357 | Snake:2  | Killed Louise
 28936 | Shoals:1 | Entered Level 1 of the Shoals
 29112 | Shoals:1 | Offered knowledge of Ozocubu's Refrigeration by Vehumet.
 29132 | Shoals:1 | Reached XP level 17. HP: 46/106 MP: 5/31
 29485 | Shoals:1 | Noticed a kraken
 29523 | Shoals:1 | Killed a kraken
 29780 | Shoals:1 | Reached skill level 14 in Earth Magic
 30395 | Shoals:2 | Got a heavily runed platinum amulet
 30396 | Shoals:2 | Identified the amulet "Weacaim" {rPois Regen+ Int+4 SInv}
                  | (You found it on level 2 of the Shoals)
 31003 | Shoals:3 | Noticed Ilsuiw
 31109 | Shoals:3 | Killed Ilsuiw
 32185 | Shoals:4 | Entered Level 4 of the Shoals
 32718 | Shoals:4 | Reached skill level 10 in Dodging
 33049 | Shoals:4 | Offered knowledge of Conjure Ball Lightning by Vehumet.
 33389 | Shoals:4 | Found a runed translucent door.
 33390 | Shoals:4 | Noticed karf's ghost (adept FoFi)
 33527 | Shoals:4 | Reached XP level 18. HP: 105/112 MP: 22/33
 33737 | Shoals:4 | Got a barnacled rune of Zot
 34508 | Snake:3  | Found Gisadusa's Assorted Antiques.
 34512 | Snake:3  | Found Tiacuong's Distillery.
 34536 | Snake:3  | Found a large runed translucent door.
 34536 | Snake:3  | Found a large runed translucent door.
 34567 | Snake:3  | Noticed CryoSword's ghost (adept OgCK)
 34663 | Snake:3  | Found Exustrita's Weapon Emporium.
 35299 | Snake:4  | Entered Level 4 of the Snake Pit
 35600 | Elf:1    | Entered Level 1 of the Elven Halls
 35633 | Elf:1    | Found a radiant altar of Vehumet.
 35957 | Elf:1    | Offered knowledge of Lehudib's Crystal Spear by Vehumet.
 35957 | Elf:1    | Offered knowledge of Fire Storm by Vehumet.
 35957 | Elf:1    | Offered knowledge of Glaciate by Vehumet.
 36085 | Elf:1    | Reached skill level 15 in Earth Magic
 36867 | Elf:2    | Found a runed translucent gate.
 36867 | Elf:2    | Found a runed translucent gate.
 36868 | Elf:2    | Found a runed translucent gate.
 37328 | Elf:2    | Reached XP level 19. HP: 119/119 MP: 35/35
 37528 | Elf:3    | Entered Level 3 of the Elven Halls
 37589 | Elf:3    | Got a coiled glass ring
 37590 | Elf:3    | Identified the ring "Haroherr" {+Inv rPois} (You found it
                  | on level 3 of the Elven Halls)
 38117 | Elf:3    | Shot with an arrow by a deep elf master archer

Levels and vault maps discovered:
D:1:      dpeg_arrival_pits, layout_rooms
D:2:      layout_basic, uniq_robin, uniq_terence
D:3:      layout_loops_ring, lemuel_crystal_altar,
          chequers_ecumenical_altar_grove
D:4:      layout_loops_ring, nicolae_xom_altar_mimics, serial_shops,
          nicolae_shop_waterfront, kennysheep_another_room, solitary_fountain,
          lemuel_altar_in_water
D:5:      layout_cave_pools, amethyst_overflow_temple_binary,
          nicolae_gozag_cash_rules_everything_around_me,
          minmay_temple_entry_glassed_door, first_ration
D:6:      layout_loops_ring
D:7:      layout_basic, grunt_ogre_cave
D:8:      layout_rooms, lemuel_doored_altar, lair_entry_dummy, basic_altar
D:9:      layout_basic
D:10:     layout_long_grid, serial_shops, kennysheep_mini_moat, st_stairs_3
D:11:     layout_basic
D:12:     layout_basic, david_orc_3, nicolae_benzene_ring,
          minmay_misc_feat_diagonals, kennysheep_just_a_vault
D:13:     layout_cave_pods, serial_shops, nicolae_shop_behind_doors, shop,
          shop_statue, nicolae_shop_waterfront, shop, uniq_jorgrun, uniq_maurice
D:14:     layout_cave_pools, ximxim_vaults_locker_room, nicolae_evil_shop
D:15:     grunt_enter_depths_hoard, layout_loops_corners,
          minmay_misc_feat_hallway, serial_ice, serial_ice_f, serial_ice_c,
          serial_ice_g, serial_ice_l, serial_ice_o, serial_ice_b, serial_ice_n,
          serial_ice_e, serial_ice_m, serial_ice_a,
          portal_ice_cave_entry_animals_and_master, nicolae_lava_and_water,
          small_statue_intersection, uniq_nessos, uniq_roxanne
Temple:   lightli_temple_of_artemis
Lair:1:   layout_gridlike, serial_bayou_crossing, lemuel_fruit_tree,
          uniq_joseph, uniq_gastronok
Lair:2:   layout_misc_corridors, cheibrodos_lair_caveside_slide
Lair:3:   regret_index_bee_streams, layout_regular_city,
          minmay_shoals_entry_lonely_mermaid, guppyfry_snake_entry_island,
          grunt_forest_small_clearings
Lair:4:   layout_gridlike, st_stairs_9, nicolae_quartered_pool_super,
          bh_chokoban
Lair:5:   layout_misc_corridors, chequers_serial_rivers_room_b, uniq_rupert
Lair:6:   evilmike_catoblepas_cave, layout_regular_city, slime_altar_1,
          chequers_serial_rivers_room_a
Shoals:1: layout_shoals
Shoals:2: nicolae_shoals_island_circles, layout_shoals
Shoals:3: layout_shoals, nicolae_shoals_circle_sea_wall, uniq_ilsuiw
Shoals:4: shoals_end_grunt_ice, layout_shoals, gammafunk_ghost_grave,
          abandoned_shop
Snake:1:  gammafunk_the_bubble [the_bubble_gammafunk_plus_minus],
          layout_grid_shapes, ebering_ghost_inner_flame, grunt_megastairs_4,
          uniq_nikola
Snake:2:  layout_basic, nicolae_snake_squiggles, minmay_shop_grid_forest,
          drop_trap, guppyfry_library_mini, uniq_louise
Snake:3:  layout_cave_pods, ebering_ghost_disaster_area, serial_shops, shop,
          minmay_shoptagon
Snake:4:  snake_pit, layout_cave_town, serial_bayou_ford_a
Orc:1:    layout_caves
Orc:2:    kennysheep_orc_mage_school, layout_caves
Elf:1:    eino_elf_arrival_altar, layout_loops_cross,
          hangedman_elven_crosses_minicolossus, minivault_24
Elf:2:    layout_geoelf_diagonals, minmay_fountain_box, uniq_saint_roka,
          uniq_donald
Elf:3:    elf_hall, layout_gridlike

Skill      XL: |  1  2  3  4  5  6  7  8  9 10 11 12 13 14 15 16 17 18 |
---------------+-------------------------------------------------------+-----
Earth Magic    | 4 5 6 7 8 9 10 11 12 13 14 15 | 15.4
Spellcasting   | 3 4 5 6 7 8 9 10 11 12 | 12.2
Conjurations   | 1 2 3 4 5 7 8 9 10 11 12 13 | 13.9
Armour         | 1 2 4 5 6 |  6.0
Fighting       | 1 2 4 5 6 8 9 10 11 12 13 | 13.3
Maces & Flails | 1 2 3 5 6 7 8 9 10 11 12 | 12.3
Evocations     | 1 2 3 4 5 6 |  6.0
Dodging        | 2 3 4 5 6 7 8 9 10 | 10.8
Fire Magic     | 4 7 9 10 12 13 | 13.8
Stealth        | |  2.1
Transmutations | |  0.7

Action                   |  1- 3 |  4- 6 |  7- 9 | 10-12 | 13-15 | 16-18 | 19-21 || total
-------------------------+-------+-------+-------+-------+-------+-------+-------++-------
Melee: Dagger            |   118 |   109 |    41 |       |       |       |       ||   268
       Unarmed           |     1 |       |       |       |       |       |       ||     1
       Mace              |       |       |    82 |       |       |       |       ||    82
       Flail             |       |       |    40 |   170 |   499 |       |       ||   709
       Morningstar       |       |       |       |       |   153 |   746 |    46 ||   945
 Cast: Sandblast         |    23 |    46 |    92 |   134 |   166 |    35 |       ||   496
       Stone Arrow       |       |     8 |     9 |    55 |   110 |     9 |       ||   191
       Lee's Rapid Decon |       |       |    12 |    35 |    87 |    66 |    11 ||   211
       Fireball          |       |       |       |       |    28 |    84 |    13 ||   125
       Iron Shot         |       |       |       |       |    37 |   109 |     7 ||   153
       Starburst         |       |       |       |       |    13 |    31 |       ||    44
       Bolt of Magma     |       |       |       |       |       |     5 |       ||     5
 Abil: Fly               |       |       |       |       |     1 |       |       ||     1
Evoke: Wand              |       |     2 |     6 |    16 |    16 |    14 |     2 ||    56
       Phial of floods   |       |       |       |       |     3 |     1 |       ||     4
       Box of beasts     |       |       |       |       |       |     1 |       ||     1
  Use: Potion            |     1 |     3 |       |     9 |     4 |     8 |     4 ||    29
       Scroll            |       |     6 |     8 |     9 |    17 |    19 |     4 ||    63
 Stab: Sleeping          |     1 |     2 |     4 |       |    11 |    10 |     2 ||    30
       Invisible         |       |       |       |     1 |       |       |       ||     1
       Distracted        |       |       |       |       |     4 |     3 |       ||     7
  Eat: Chunk             |     2 |     8 |     9 |    27 |    61 |    50 |     4 ||   161
       Ration            |       |       |     2 |     1 |     4 |    14 |     2 ||    23
Armor: Robe              |    48 |    45 |   100 |   166 |   389 |   531 |    21 ||  1300
Dodge: Dodged            |   101 |    75 |   148 |   223 |   628 |   760 |    28 ||  1963
       Deflected         |       |       |     1 |    11 |       |       |       ||    12

Table legend:
 A = Non-vault XP
 B = Vault XP
 C = Vault XP percentage of total XP
 D = Non-vault monster count
 E = Vault monster count
 F = Vault count percentage of total count
                 A         B        C        D         E       F
            +---------+---------+-------+---------+---------+-------
      Total |  220747 |  132800 |  37.6 |     810 |     284 |  26.0
            +---------+---------+-------+---------+---------+-------
        D:1 |      27 |       0 |   0.0 |      20 |       0 |   0.0
        D:2 |      73 |      64 |  46.7 |      24 |       7 |  22.6
        D:3 |      63 |       0 |   0.0 |      19 |       0 |   0.0
        D:4 |     499 |       0 |   0.0 |      22 |       0 |   0.0
        D:5 |     345 |       0 |   0.0 |      10 |       0 |   0.0
        D:6 |     949 |       0 |   0.0 |      21 |       0 |   0.0
        D:7 |    1907 |     122 |   6.0 |      30 |       1 |   3.2
        D:8 |     739 |       0 |   0.0 |      12 |       0 |   0.0
        D:9 |    3640 |       0 |   0.0 |      21 |       0 |   0.0
       D:10 |    2005 |     154 |   7.1 |      22 |       2 |   8.3
       D:11 |    3486 |       0 |   0.0 |      20 |       0 |   0.0
       D:12 |    4137 |    2506 |  37.7 |      33 |       8 |  19.5
       D:13 |    4988 |    4120 |  45.2 |      26 |       4 |  13.3
       D:14 |    8529 |    3047 |  26.3 |      28 |      10 |  26.3
       D:15 |   14114 |    9399 |  40.0 |      48 |      28 |  36.8
     Lair:1 |     888 |    2652 |  74.9 |       3 |       2 |  40.0
     Lair:2 |    3833 |       0 |   0.0 |      17 |       0 |   0.0
     Lair:3 |    4342 |    6318 |  59.3 |      18 |      50 |  73.5
     Lair:4 |    5318 |     605 |  10.2 |      17 |       2 |  10.5
     Lair:5 |    4518 |    2482 |  35.5 |      18 |       1 |   5.3
     Lair:6 |   12601 |   10883 |  46.3 |      36 |      23 |  39.0
   Shoals:1 |   20011 |       0 |   0.0 |      41 |       0 |   0.0
   Shoals:2 |    6261 |       0 |   0.0 |      15 |       0 |   0.0
   Shoals:3 |   20371 |    5051 |  19.9 |      38 |       5 |  11.6
   Shoals:4 |   12576 |   20250 |  61.7 |      29 |      31 |  51.7
    Snake:1 |    7427 |    7086 |  48.8 |      15 |       5 |  25.0
    Snake:2 |   12778 |    4454 |  25.8 |      25 |       9 |  26.5
    Snake:3 |    7200 |       0 |   0.0 |      17 |       0 |   0.0
      Orc:1 |    3310 |       0 |   0.0 |      37 |       0 |   0.0
      Orc:2 |    5035 |    7745 |  60.6 |      40 |      34 |  45.9
      Elf:1 |   22704 |   15207 |  40.1 |      43 |      23 |  34.8
      Elf:2 |   14639 |    3625 |  19.8 |      26 |       4 |  13.3
      Elf:3 |   11434 |   21765 |  65.6 |      19 |      15 |  44.1
      IceCv |       0 |    5265 | 100.0 |       0 |      20 | 100.0
            +---------+---------+-------+---------+---------+-------
